 Dungeon Crawl Stone Soup version 0.31-a0-202-g547052bce9 (webtiles) character file.

Game seed: 13452839318310184161

50 qw the Shooter (level 3, 0/20 HPs)
             Began as a Deep Elf Hunter on June 26, 2023.
             Slain by an adder (3 damage)
             ... on level 2 of the Dungeon.
             The game lasted 00:00:30 (800 turns).

qw the Shooter (Deep Elf Hunter)                     Turns: 800, Time: 00:00:30

Health: 0/20       AC:  5    Str: 10    XL:     3   Next: 55%
Magic:  5/5        EV: 11    Int: 13    God:
Gold:   71         SH:  0    Dex: 18    Spells: 2/2 levels left

rFire   . . .        Y - +0 shortbow
rCold   . . .        (shield currently unavailable)
rNeg    . . .        e - +0 ring mail
rPois   .            (no helmet)
rElec   .            (no cloak)
rCorr   .            (no gloves)
SInv    .            (no boots)
Will    .....        (no amulet)
Stlth   +            (no ring)
HPRegen 0.23/turn    (no ring)
MPRegen 0.09/turn

%: no passive effects
@: about to teleport
A: no striking features
a: no special abilities


You were on level 2 of the Dungeon.
You visited 1 branch of the dungeon, and saw 2 of its levels.

You collected 71 gold pieces.


   Skills:
 - Level 1.5 Fighting
 + Level 7.1 Ranged Weapons
 - Level 2.4 Dodging
 - Level 1.2 Stealth


You had 2 spell levels left.
You didn't know any spells.
Your spell library was empty.

Inventory:

Hand Weapons
 Y - a +0 shortbow (weapon)
Armour
 e - a +0 ring mail (worn)
Scrolls
 a - a scroll of identify

Dungeon Overview and Level Annotations

Branches:
Dungeon (2/15)

Altars:


Message History

Done exploring.
(D) Dungeon
Where to? (* - list waypoints, Enter - D:2, ? - help)
What level of the Dungeon? (default 1, ? - help)
You climb downwards.
There is a stone staircase leading up here.
A kobold is nearby!
Enter note:
Enter note:
Enter note: You shoot an arrow.
The arrow misses the kobold.
You hear an angry hiss.
An adder comes into view.
The kobold shoots a sling bullet.
The sling bullet hits you.
You shoot an arrow. The arrow barely misses the adder.
The kobold shoots a sling bullet.
The sling bullet hits you.
You shoot an arrow. The arrow closely misses the adder.
The adder bites you. The adder barely misses you.
You shoot an arrow. The arrow closely misses the adder.
The adder bites you but does no damage. The adder bites you.
You shoot an arrow. The arrow closely misses the kobold.
The adder bites you but does no damage.
The kobold unwields a +0 sling.
The kobold wields a +0 club.
The kobold hits you but does no damage.
You shoot an arrow. The arrow barely misses the kobold.
The adder bites you but does no damage. The kobold hits you with a +0 club.
The adder bites you but does no damage.
You shoot an arrow. The arrow closely misses the kobold.
The adder bites you. The kobold barely misses you.
You shoot an arrow. The arrow hits the kobold.
The kobold is severely wounded.
The adder bites you. The kobold hits you with a +0 club.
The adder bites you but does no damage.
799 ||| READING scroll of teleportation.
As you read the scroll of teleportation, it crumbles to dust.
You feel strangely unstable. The kobold closely misses you.
The adder bites you.
You shoot an arrow. The arrow hits the kobold!
You kill the kobold!
The adder bites you.
You die...

#.##........##.######.#.#.#
#.##)#.....).........K....#
#.##.##.#...##............#
#.##.##....###.########...###
##.##.#.........# #......
#...#.#.....#)##########..##..
#....^...##...............##.#
#............)..#########.##.#
###...#####%#@#<# #..... #..##
#....S#<# ####.# #..#
#.#.#.#.# #.# #..# #.....#.#
#.. #..# #.# #.#.# ### #... #.
..#.# .... . ###.# . #.# ..#


You could see an adder.

Vanquished Creatures
  An adder (D:2)
  A dart slug (D:1)
  3 endoplasms (D:1)
  2 giant cockroaches (D:1)
  2 goblins
  3 hobgoblins
  6 jackals (D:1)
  A quokka (D:1)
  A ball python (D:1)
  3 bats
  2 frilled lizards (D:1)
  8 kobolds
  4 rats
37 creatures vanquished.

Notes
Turn   | Place    | Note
-------+----------+-------------------------------------------
     0 | D:1      | qw the Deep Elf Hunter began the quest for the Orb.
     0 | D:1      | Reached XP level 1. HP: 12/12 MP: 3/3
     0 | D:1      | 0 ||| qw: Version: 0.3-a-22-g0ed2b0b
     0 | D:1      | 0 ||| qw: Game counter: 6151
     0 | D:1      | 0 ||| qw: Melee chars always use a shield: true
     0 | D:1      | 0 ||| qw: God list: Okawaru
     0 | D:1      | 0 ||| qw: Allow faded altars: false
     0 | D:1      | 0 ||| qw: Do Orc after clearing Dungeon:15 true
     0 | D:1      | 0 ||| qw: Do second Lair branch before Depths: true
     0 | D:1      | 0 ||| qw: Lair rune preference: random
     0 | D:1      | 0 ||| qw: Goals: Normal
     0 | D:1      | 0 ||| PLANNING D:1-11
    88 | D:1      | Reached skill level 6 in Ranged Weapons
    88 | D:1      | Reached XP level 2. HP: 16/16 MP: 4/4
   351 | D:1      | Reached XP level 3. HP: 20/20 MP: 5/5
   523 | D:1      | 523 ||| UPGRADING to +0 ring mail.
   533 | D:1      | 533 ||| DROPPING +0 leather armour.
   534 | D:1      | 534 ||| READING 2 scrolls labelled HAGUGE DELIEH.
   535 | D:1      | 535 ||| READING scroll labelled GIVVOILOEP.
   539 | D:1      | 539 ||| READING scroll labelled YNA OVECLIL.
   540 | D:1      | 540 ||| READING scroll labelled NANIMU ETRIOMM.
   541 | D:1      | 541 ||| DROPPING scroll of butterflies.
   595 | D:2      | Reached skill level 7 in Ranged Weapons
   642 | D:2      | 642 ||| DROPPING +2 sling of freezing.
   749 | D:2      | 749 ||| FLEEEEING.
   750 | D:2      | 750 ||| FLEEEEING.
   755 | D:2      | 755 ||| FLEEEEING.
   756 | D:2      | 756 ||| FLEEEEING.
   757 | D:2      | 757 ||| FLEEEEING.
   762 | D:2      | 762 ||| FLEEEEING.
   764 | D:2      | 764 ||| FLEEEEING.
   765 | D:2      | 765 ||| FLEEEEING.
   766 | D:2      | 766 ||| FLEEEEING.
   767 | D:2      | 767 ||| FLEEEEING.
   768 | D:2      | 768 ||| FLEEEEING.
   770 | D:2      | 770 ||| FLEEEEING.
   771 | D:2      | 771 ||| FLEEEEING.
   772 | D:2      | 772 ||| FLEEEEING.
   773 | D:2      | 773 ||| FLEEEEING.
   778 | D:2      | 778 ||| STAIRDANCE
   785 | D:1      | 785 ||| READING 2 scrolls of identify.
   785 | D:1      | 785 ||| IDENTIFYING viscous grey potion
   786 | D:1      | 786 ||| DROPPING potion of invisibility.
   798 | D:2      | HP: 5/20 [kobold/+0 club (1)]
   799 | D:2      | 799 ||| READING scroll of teleportation.
   799 | D:2      | HP: 2/20 [adder (3)]
   800 | D:2      | Slain by an adder

Levels and vault maps discovered:
D:1:      sevenhm_arrival_forest_fort_small_6, layout_rooms,
          minmay_misc_feat_secret_circle
D:2:      layout_loops_ring, minmay_circled_x

Skill      XL: |  1  2  3 |
---------------+----------+-----
Ranged Weapons | 6 7 |  7.1
Fighting       | |  1.5
Dodging        | |  2.4
Stealth        | |  1.2

Action                     || total
---------------------------++-------
   Fire: Shortbow          ||   107
    Use: Scroll            ||     6
 Armour: Leather armour    ||    16
         Ring mail         ||    11
  Dodge: Dodged            ||    29

Table legend:
 A = Non-vault XP
 B = Vault XP
 C = Vault XP percentage of total XP
 D = Non-vault monster count
 E = Vault monster count
 F = Vault count percentage of total count
                 A         B        C        D         E       F
            +---------+---------+-------+---------+---------+-------
      Total |      73 |       0 |   0.0 |      37 |       0 |   0.0
            +---------+---------+-------+---------+---------+-------
        D:1 |      48 |       0 |   0.0 |      28 |       0 |   0.0
        D:2 |      25 |       0 |   0.0 |       9 |       0 |   0.0
            +---------+---------+-------+---------+---------+-------
